 Dungeon Crawl Stone Soup version 0.32-a0-519-g08f29ac1c3 (webtiles) character file.

Game seed: 13862916469022116692

102 kae the Changeling (level 4, -7/55 HPs)
             Began as a Draconian Shapeshifter on Feb 27, 2024.
             Mangled by an ice beast (11 damage)
             ... on level 4 of the Dungeon.
             The game lasted 00:01:31 (2237 turns).

kae the Changeling (Draconian Shapeshifter)         Turns: 2237, Time: 00:01:31

Health: -7/55      AC: 22    Str: 16    XL:     4   Next: 50%
Magic:  4/4        EV:  2    Int: 10    God:
Gold:   149        SH:  0    Dex: 19    Spells: 3/3 levels left

rFire   . .          .
                       - Unarmed
rCold   . . .        (no shield)
rNeg    + . .        (body armour unavailable)
rPois   +            (helmet currently unavailable)
rElec   .            (cloak currently unavailable)
rCorr   .            (gloves currently unavailable)
SInv    .            (boots currently unavailable)
Will    .....        (no amulet)
Stlth   ++           D - +6 ring of dexterity
HPRegen 0.29/turn    N - ring of positive energy
MPRegen 0.09/turn

%: no passive effects
@: lethally poisoned (-7 -> -8), tree-form, slowed, very slow
A: stationary, stasis, torment immunity, boosted hp, AC +5, unfitting armour,
(cold-blooded)
a: no special abilities


You were on level 4 of the Dungeon.
You were a tree.
You visited 1 branch of the dungeon, and saw 4 of its levels.

You collected 149 gold pieces.


Innate Abilities, Weirdness & Mutations

You are a tree.
Your roots penetrate the ground, keeping you stationary.
You cannot be teleported.
You are immune to unholy pain and torment.
Your maximum health is greatly increased.
Your equipment is partially melded.
((Your plain brown scales are hard. (AC +5)))
You cannot fit into any form of body armour.
((You are cold-blooded and may be slowed by cold attacks.))


   Skills:
 + Level 2.5 Fighting
 - Level 1.7 Dodging
 + Level 3.6 Unarmed Combat
 * Level 4.1 Shapeshifting


You had 3 spell levels left.
You didn't know any spells.
Your spell library contained the following spells:

 Spells                   Type           Power      Damage    Failure   Level
 Sandblast                Erth           0%         2d4       36%         1
 Summon Small Mammal      Summ           0%         N/A       36%         1
 Call Canine Familiar     Summ           0%         N/A       75%         3
 Passwall                 Erth           0%         N/A       75%         3
 Stone Arrow              Conj/Erth      0%         3d7       75%         3
 Brom's Barrelling Bould  Conj/Erth      0%         2d3       98%         4
 Summon Blazeheart Golem  Fire/Summ      0%         N/A       98%         4

Inventory:

Missiles
 e - 39 stones (quivered)
 f - 6 javelins
 p - 6 poisoned darts
Magical Staves
 j - a staff of fire {!a}
   (You found it on level 2 of the Dungeon)
Jewellery
 C - a ring of ice
   (You took it off an orc on level 3 of the Dungeon)
 D - a +6 ring of dexterity (left branch)
   (You found it on level 2 of the Dungeon)
 N - a ring of positive energy (right branch)
   (You found it on level 2 of the Dungeon)
Talismans
 b - a beast talisman (active)
 c - a flux talisman
Scrolls
 d - 6 scrolls of identify {@r1}
 g - a scroll of silence {!r}
 h - 2 scrolls of immolation {!r!r}
 i - a scroll of vulnerability {!r!r}
 l - 3 scrolls of enchant weapon
 n - 2 scrolls of enchant armour
Potions
 k - a potion of might

Dungeon Overview and Level Annotations

Branches:
Dungeon (4/15) Zot: 21766
 Temple: D:4-7

Altars:
Hepliaklqana
Kikubaaqudgha
Makhleb
Nemelex Xobeh

#. #.......
#. #..###.#
##.######..#
#.#
#..........#
#.#
#.#.####.#.#
#.# #.).#
#.#.# #.#
.#########.##
#.#.# #.#
........##.#
#.#.# #.#
...!..Y♣...#
#.#.# #.#
#######.#..#
#.#.# #.#
#$#..# #.#.#
#.# #.#..#
#.. #.#..#
### #.#..#
.....# #.#.##


You could see an ice beast.


Message History

There is a large open door here.
Items here: ) ÷÷÷.
Done exploring.
Done exploring.
No target in view!
No target in view!
Done exploring.
No target in view!
No target in view!
Done exploring.
No target in view!
No target in view!
Done exploring.
As you read the scroll of identify {@r1}, it crumbles to dust.
k - a potion of might
Okay, then.
Okay, then.
N - a ring of positive energy (right hand)
Okay, then.
Okay, then.
Done exploring.
Unknown command.
Done exploring.
Done exploring.
No target in view!
No target in view!
Done exploring.
Done exploring.
There is a stone staircase leading up here.
There is a stone staircase leading down here.
You climb downwards.
There is a stone staircase leading up here.
You now have 149 gold pieces (gained 10).
Found a stone staircase leading down.
No target in view!
No target in view!
A goblin comes into view. It is wielding a +0 club.
The goblin shouts!
A goblin is nearby!
A goblin is nearby!
The goblin hits you but does no damage.
You punch the goblin!
You kill the goblin!
d - 6 scrolls of identify {@r1} (gained 1) Key pressed, stopping explore.
No target in view!
No target in view!
A goblin comes into view. It is wielding a +0 dagger.
The goblin barely misses you.
A goblin is nearby!
You hit the goblin.
You kill the goblin!
No target in view!
You see here a +0 dagger.
An adder comes into view.
The adder hisses angrily.
An ice beast comes into view.
There are monsters nearby!
You hit the adder.
Your tail-slap misses the adder.
The adder closely misses you.
You barely miss the adder. You tail-slap the adder.
The adder closely misses you.
There are monsters nearby!
You miss the adder. The adder bites you.
You barely miss the adder. The adder bites you but does no damage.
The adder bites you.
You are poisoned.
The adder poisons you! 😕 HP[-3]
You take 3 damage, and now have 34/37 hp.
You hit the adder. You tail-slap the adder.
You kill the adder!
You feel sick.
You hit the ice beast but do no damage.
You feel sick.
The ice beast hits you but does no damage. 😕 HP[-2]
You take 2 damage, and now have 32/37 hp.
You hit the ice beast.
You feel sick. The ice beast hits you. The ice beast freezes you!
You feel yourself slow down.
* * * LOW HITPOINT WARNING * * *
You are too injured to fight recklessly! 😨 HP[-16]
You take 16 damage, and now have 16/37 hp.
MASSIVE DAMAGE!! (PAUSE)
You closely miss the ice beast.
You feel sick. The ice beast hits you.
* * * LOW HITPOINT WARNING * * *
The ice beast freezes you!
You feel as though you will be slow longer.
* * * LOW HITPOINT WARNING * * *
😱 HP[-11]
You take 11 damage, and now have 5/37 hp.
MASSIVE DAMAGE!! (PAUSE)
Your transformation has ended.
You turn into a tree.
Your roots penetrate the ground.
You feel sick.
The ice beast hits you but does no damage.
The ice beast hits you.
* * * LOW HITPOINT WARNING * * *
The ice beast freezes you!
You die...

Skill      XL: |  1  2  3 |
---------------+----------+-----
Fighting       | 2 |  2.5
Shapeshifting  | 4 |  4.1
Dodging        | |  1.7
Unarmed Combat | |  3.6

Action                     |  1- 3 |  4- 6 || total
---------------------------+-------+-------++-------
  Melee: Unarmed           |    86 |    35 ||   121
         Tailslap          |     9 |     6 ||    15
    Use: Scroll            |     2 |     8 ||    10
         Potion            |       |     1 ||     1
   Stab: Sleeping          |     3 |       ||     3
 Armour: Skin              |    41 |    20 ||    61
  Dodge: Dodged            |    53 |    20 ||    73

Levels and vault maps discovered:
D:1:      dpeg_arrival_pits, layout_loops_ring, serial_forest,
          infiniplex_forest_clump_diagonal, infiniplex_forest_zigzag_1,
          infiniplex_forest_clump_medium, infiniplex_forest_end_1,
          infiniplex_forest_straight_4, infiniplex_forest_clump_small
D:2:      layout_rooms, basic_altar, hellmonk_ecumenical_altar_blasted
D:3:      layout_loops_ring, lemuel_tele_altar,
          chequers_temple_overflow_statue_of_worship, kennysheep_generic_room_7
D:4:      layout_loops_ring, nicolae_yredelemnul_corpse_copse,
          corexii_corridor_pit, uniq_pikel

Notes
Turn   | Place    | Note
-------+----------+-------------------------------------------
     0 | D:1      | kae the Draconian Shapeshifter began the quest for the Orb.
     0 | D:1      | Reached XP level 1. HP: 16/16 MP: 1/1
     0 | D:1      | magus.rc [v1.11.3]
   124 | D:1      | You pick up a book of Callings and begin reading...
   124 | D:1      | You add the spells Summon Small Mammal, Call Canine
                  | Familiar and Summon Blazeheart Golem to your library.
   242 | D:1      | You pick up a book of Geomancy and begin reading...
   242 | D:1      | You add the spells Sandblast, Passwall, Stone Arrow and
                  | Brom's Barrelling Boulder to your library.
   255 | D:1      | Reached XP level 2. HP: 23/23 MP: 2/2
   784 | D:2      | Found a faded altar of an unknown god.
   902 | D:2      | Reached XP level 3. HP: 29/29 MP: 3/3
   995 | D:2      | Reached skill level 2 in Fighting
  1156 | D:2      | Found a burning altar of Makhleb.
  1345 | D:3      | Reached skill level 4 in Shapeshifting
  1345 | D:3      | Reached XP level 4. HP: 24/37 MP: 4/4
  1410 | D:3      | Found a hazy altar of Hepliaklqana.
  1493 | D:3      | Found a sparkling altar of Nemelex Xobeh.
  1940 | D:3      | Found an ancient bone altar of Kikubaaqudgha.
  2227 | D:4      | Noticed an ice beast
  2236 | D:4      | HP: 5/37 [ice beast (9)]
  2237 | D:4      | Mangled by an ice beast

Vanquished Creatures
  An orc priest (D:3)
  2 adders
  4 orcs
  5 bats
  8 endoplasms
  A giant cockroach (D:2)
  8 goblins
  A hobgoblin (D:3)
  4 jackals (D:1)
  A quokka (D:3)
  5 ball pythons
  A frilled lizard (D:3)
  3 kobolds
  5 rats
49 creatures vanquished.

Table legend:
 A = Non-vault XP
 B = Vault XP
 C = Vault XP percentage of total XP
 D = Non-vault monster count
 E = Vault monster count
 F = Vault count percentage of total count
                 A         B        C        D         E       F
            +---------+---------+-------+---------+---------+-------
      Total |     142 |       5 |   3.4 |      46 |       3 |   6.1
            +---------+---------+-------+---------+---------+-------
        D:1 |      28 |       0 |   0.0 |      17 |       0 |   0.0
        D:2 |      43 |       0 |   0.0 |      17 |       0 |   0.0
        D:3 |      56 |       5 |   8.2 |       9 |       3 |  25.0
        D:4 |      15 |       0 |   0.0 |       3 |       0 |   0.0
            +---------+---------+-------+---------+---------+-------

Skill      XL: |  1  2  3 |
---------------+----------+-----
Fighting       | 2 |  2.5
Shapeshifting  | 4 |  4.1
Dodging        | |  1.7
Unarmed Combat | |  3.6

Action                     |  1- 3 |  4- 6 || total
---------------------------+-------+-------++-------
  Melee: Unarmed           |    86 |    35 ||   121
         Tailslap          |     9 |     6 ||    15
    Use: Scroll            |     2 |     8 ||    10
         Potion            |       |     1 ||     1
   Stab: Sleeping          |     3 |       ||     3
 Armour: Skin              |    41 |    20 ||    61
  Dodge: Dodged            |    53 |    20 ||    73

Illustrated notes

Table legend:
 A = Kills in this place as a percentage of kills in the entire game.
 B = Kills by you in this place as a percentage of kills by you in the entire game.
 C = Kills by friends in this place as a percentage of kills by friends in the entire game.
 D = Other kills in this place as a percentage of other kills in the entire game.
 E = Experience gained in this place as a percentage of experience gained in the entire game.
 F = Experience gained in this place divided by the number of levels of this place that you have seen.
                   A       B       C       D       E      F
               +-------+-------+-------+-------+-------+----------------------
         Total | 100.0 | 100.0 |   N/A |   N/A | 100.0 |  36.8
       Dungeon | 100.0 | 100.0 |   N/A |   N/A | 100.0 |  36.8
               +-------+-------+-------+-------+-------+----------------------

Table legend: (Time is in decaauts)
 A = Elapsed time spent in this place.
 B = Non-inter-level travel time spent in this place.
 C = Inter-level travel time spent in this place.
 D = Time resting spent in this place.
 E = Time spent auto-exploring this place.
 F = Levels seen in this place.
 G = Mean time per level.
                   A        B        C        D        E       F      G
               +--------+--------+--------+--------+--------+-----+--------+
         Total |   2232 |   2136 |     96 |     57 |   1756 |   4 |  558.0 |
       Dungeon |   2232 |   2136 |     96 |     57 |   1756 |   4 |  558.0 |
               +--------+--------+--------+--------+--------+-----+--------+

Top non-repeatable levels by time:
     D:3: 805 daAuts
     D:1: 770 daAuts
     D:2: 558 daAuts
     D:4: 98 daAuts
